[Event "Titled Tuesday Blitz July 18 Late 2023"]
[White "Przybylski, Wojciech"]
[Black "Smirnov, Pavel"]
[WhiteFideId "1117599"]
[BlackFideId "4123425"]
[WhiteElo "2558"]
[BlackElo "2705"]
[Result "0-1"]
[Round "7"]
[TimeControl "180+2"]
[Date "2023.07.18"]
[WhiteClock "0:00:01"]
[BlackClock "0:01:14"]
[Board "41"]

1. e4 e5 2. Nf3 Nc6 3. Bb5 a6 4. Ba4 Nf6 5. O-O Be7 6. Re1 b5 7. Bb3 O-O 8. d4 d6 9. c3 Bg4 10. a4 Bxf3 11. gxf3 Na5 12. Ba2 Nh5 13. b4 Nc4 14. Bxc4 bxc4 15. f4 Nxf4 16. Bxf4 exf4 17. Qg4 c5 18. bxc5 dxc5 19. d5 Bf6 20. e5 Re8 21. Nd2 Bxe5 22. Nxc4 Bxc3 23. Rxe8+ Qxe8 24. Rc1 Qe4 25. Nd6 Qxd5 26. Rd1 Bd4 27. Nf5 Qe5 28. Qg5 Kh8 29. Qg2 Re8 30. Nxd4 cxd4 31. Qc6 h5 32. h4 Re6 33. Qc8+ Kh7 34. Qc2+ Rg6+ 35. Kf1 Qd5 36. Qd3 Qh1+ 37. Ke2 Qxh4 38. Qxd4 Qg4+ 39. f3 Qg2+ 40. Kd3 Qxf3+ 41. Kc2 Qc6+ 42. Kb3 Qb6+ 43. Qxb6 Rxb6+ 44. Kc4 Rf6 45. Rg1 f3 46. Rh1 f2 47. Rf1 h4 48. a5 h3 0-1


[Site "https://www.chess.com"]

[Event "Titled Tuesday Blitz July 18 Late 2023"]
[White "Quintiliano Pinto, Renato R."]
[Black "Marosi, Levente"]
[WhiteFideId "2117568"]
[BlackFideId "747181"]
[WhiteElo "2702"]
[BlackElo "2545"]
[Result "0-1"]
[Round "7"]
[TimeControl "180+2"]
[Date "2023.07.18"]
[WhiteClock "0:00:14"]
[BlackClock "0:00:23"]
[Board "42"]

1. Nf3 Nf6 2. c4 g6 3. b3 Bg7 4. Bb2 O-O 5. g3 d6 6. d4 Nbd7 7. Bg2 Re8 8. O-O e5 9. dxe5 Ng4 10. Nc3 dxe5 11. e4 c6 12. h3 Nh6 13. Qe2 f6 14. Rfd1 Nf7 15. a3 a5 16. c5 Qe7 17. b4 axb4 18. axb4 Rxa1 19. Rxa1 Nf8 20. Na4 Be6 21. Nb6 Nd7 22. Nc4 Nf8 23. Ra7 Rd8 24. Na5 Rd7 25. Nd2 Qd8 26. Ndc4 Qb8 27. Rxb7 Rxb7 28. Nxb7 Qxb7 29. Na5 Qxb4 30. Nxc6 Qxc5 31. Qa6 Bc4 32. Qa8 Bb5 33. Nd8 Nxd8 34. Qxd8 Qb4 35. Bc3 Qxc3 36. Qd5+ Kh8 37. Qxb5 Qe1+ 38. Qf1 Qxf1+ 39. Kxf1 Ne6 40. Ke2 Kg8 41. Kd3 Bf8 42. h4 Bc5 43. Ke2 Kf7 44. Bh3 Ke7 45. Kf3 Nd4+ 46. Kg2 h6 47. Bc8 Nb5 48. f3 Nd6 49. Ba6 g5 50. hxg5 fxg5 51. Bd3 Kf6 52. Bc2 Be3 53. Kh3 Ne8 54. Bb1 Ng7 55. Ba2 Nh5 56. Kg4 Ng7 57. Bb3 h5+ 58. Kh3 Bd2 59. Ba4 Ne6 60. Be8 Ng7 61. Bc6 Kg6 62. Bd7 Kh6 63. Bc6 Ne6 64. Be8 Nd4 65. Kg2 g4 66. fxg4 hxg4 67. Bd7 Kg5 68. Bc8 Bc3 69. Bd7 Nf3 70. Bc8 Nd2 71. Bf5 Bd4 72. Kh2 Nc4 73. Bh7 Nd6 74. Kh1 Ne8 75. Bg8 Nf6 76. Bd5 Nxd5 77. exd5 Kf6 78. d6 Ke6 79. d7 Kxd7 0-1


[Site "https://www.chess.com"]

[Event "Titled Tuesday Blitz July 18 Late 2023"]
[White "Mattheii"]
[Black "Velikanov, Alexander"]
[BlackFideId "2039290"]
[WhiteElo "2540"]
[BlackElo "2700"]
[Result "0-1"]
[Round "7"]
[TimeControl "180+2"]
[Date "2023.07.18"]
[WhiteClock "0:00:05"]
[BlackClock "0:00:10"]
[Board "43"]

1. e4 e6 2. d4 d5 3. Nc3 Nf6 4. Bg5 dxe4 5. Nxe4 Be7 6. Nxf6+ gxf6 7. Be3 b6 8. Qf3 c6 9. O-O-O Bb7 10. h4 Nd7 11. h5 f5 12. Nh3 Bf6 13. Nf4 Qc7 14. h6 O-O-O 15. Nh5 c5 16. Qe2 Bxd4 17. Bxd4 cxd4 18. Rxd4 Ne5 19. Rhh4 Ng4 20. Rc4 Bc6 21. g3 Rd5 22. b4 Rhd8 23. b5 Rd1+ 24. Kb2 Qe5+ 25. Rc3 Re1 26. Qxe5 Nxe5 27. Bg2 Kc7 28. Bxc6 Rd2 29. Bg2+ Kd6 30. f4 Nd7 31. Bf3 Nc5 32. Rc4 Rf2 33. Rc3 Na4+ 34. Kb3 Nxc3 35. Bb7 Ne4 36. Ng7 Rf3+ 37. Kc4 Rxg3 38. Kd4 Rg6 39. Bxe4 Rxe4+ 40. Kd3 Rg3+ 41. Kd2 Rd4+ 42. Kc1 Rb4 43. Kd2 Rg2+ 44. Kc3 Rxb5 45. a4 Rc5+ 46. Kd3 Rgxc2 47. Nh5 R5c3+ 48. Kd4 Rc4+ 49. Ke3 Ke7 50. Ng3 f6 51. Rh1 R4c3+ 52. Kd4 Kd6 53. Ne2 e5+ 54. fxe5+ fxe5# 0-1


[Site "https://www.chess.com"]

[Event "Titled Tuesday Blitz July 18 Late 2023"]
[White "Estrada Nieto, Julian"]
[Black "Rastbod, Ali"]
[WhiteFideId "5101018"]
[BlackFideId "12567477"]
[WhiteElo "2540"]
[BlackElo "2695"]
[Result "1-0"]
[Round "7"]
[TimeControl "180+2"]
[Date "2023.07.18"]
[WhiteClock "0:00:05"]
[BlackClock "0:00:00"]
[Board "44"]

1. e4 e5 2. Nf3 Nc6 3. Bb5 a6 4. Ba4 Nge7 5. Nc3 g6 6. d4 exd4 7. Nd5 Bg7 8. Bg5 b5 9. Bb3 h6 10. Bf6 O-O 11. Nxd4 Bxf6 12. Nxf6+ Kg7 13. Nd5 Na5 14. O-O Bb7 15. Qd2 Nxb3 16. axb3 Nxd5 17. exd5 Qf6 18. c4 c5 19. Ne2 d6 20. Ng3 Rfe8 21. Rfe1 Rxe1+ 22. Rxe1 Rd8 23. Ne4 Qd4 24. Qxd4+ cxd4 25. Rd1 f5 26. Nd2 Rc8 27. Re1 Kf7 28. h4 a5 29. Re6 a4 30. Rxd6 axb3 31. Rd7+ Kf6 32. Rxb7 bxc4 33. Rb6+ Ke5 34. Nxc4+ Rxc4 35. Rxb3 Kxd5 36. Rb6 Rc1+ 37. Kh2 Rc2 38. Rxg6 Rxf2 39. Rxh6 Rxb2 40. Rh8 Ke4 41. h5 Rb6 42. Kg3 f4+ 43. Kg4 Rb2 44. Re8+ Kd5 45. Kf3 d3 46. Rd8+ Kc4 47. h6 Rb7 48. Kxf4 Rh7 49. Kg5 Kc3 50. g4 d2 51. Kg6 Rc7 52. Rxd2 Kxd2 53. g5 Ke3 54. h7 Rc8 55. Kg7 Kf4 56. g6 Kg5 57. Kf7 Rc7+ 58. Ke6 Rc6+ 59. Kd5 Rxg6 60. h8=Q Rf6 61. Qg7+ Rg6 62. Qe5+ Kg4 63. Ke4 Rg5 64. Qf6 Rh5 65. Qf3+ Kg5 66. Qf4+ Kg6 67. Qg4+ Rg5 68. Qe6+ Kg7 69. Kf4 Rg6 70. Qe7+ Kg8 71. Kf5 Rg7 72. Qe8+ Kh7 73. Qh5+ Kg8 74. Qe8+ Kh7 75. Kf6 Rg1 76. Qh5+ Kg8 77. Qd5+ Kh7 78. Qe4+ Kg8 79. Qe8+ Kh7 80. Qh5+ Kg8 81. Qd5+ Kh7 82. Qd4 Rg6+ 83. Kf5 Rg7 84. Qh4+ Kg8 85. Qd8+ Kh7 86. Qd5 Rg6 87. Qf7+ Rg7 88. Qh5+ Kg8 89. Kf6 Ra7 90. Qe8+ Kh7 91. Qe4+ Kg8 92. Qc4+ Kh7 93. Qd3+ Kg8 94. Qg3+ Kh7 95. Qh2+ Kg8 96. Qb8+ Kh7 97. Qxa7+ Kh6 98. Qg7+ 1-0


[Site "https://www.chess.com"]

[Event "Titled Tuesday Blitz July 18 Late 2023"]
[White "Vetoshko, Volodymyr"]
[Black "Zhang, Derek"]
[WhiteFideId "14122480"]
[BlackFideId "2087871"]
[WhiteElo "2695"]
[BlackElo "2538"]
[Result "1-0"]
[Round "7"]
[TimeControl "180+2"]
[Date "2023.07.18"]
[WhiteClock "0:00:08"]
[BlackClock "0:00:00"]
[Board "45"]

1. b3 d6 2. Bb2 e5 3. g3 f5 4. Bg2 Nf6 5. d4 e4 6. Nh3 g6 7. d5 Bg7 8. Nf4 Qe7 9. h4 c6 10. c4 O-O 11. Nc3 e3 12. f3 Nh5 13. Nxh5 gxh5 14. Qd3 f4 15. O-O-O Bf5 16. Ne4 Bxb2+ 17. Kxb2 Qe5+ 18. Kb1 c5 19. gxf4 Qxf4 20. Rhg1 Nd7 21. Bh3+ Kh8 22. Qc3+ Qe5 23. Qxe5+ dxe5 24. Bxf5 Rxf5 25. Rd3 Rf4 26. Nd6 b6 27. Rxe3 Rg8 28. Rxg8+ Kxg8 29. Re4 Rf6 30. Nb5 a6 31. Nc7 a5 32. Ne6 Rg6 33. Kc2 Rg1 34. f4 Rg4 35. Kd3 1-0


[Site "https://www.chess.com"]

[Event "Titled Tuesday Blitz July 18 Late 2023"]
[White "ArtemDyachuk"]
[Black "Alex_Sahakyan2006"]
[WhiteElo "2536"]
[BlackElo "2669"]
[Result "0-1"]
[Round "7"]
[TimeControl "180+2"]
[Date "2023.07.18"]
[WhiteClock "0:00:00"]
[BlackClock "0:00:02"]
[Board "46"]

1. e4 e5 2. Nf3 Nc6 3. Bc4 Nf6 4. d3 h6 5. O-O d6 6. c3 g5 7. a4 Bg7 8. a5 a6 9. Re1 O-O 10. Nbd2 Ne7 11. Nf1 c6 12. Ng3 Ng6 13. Bb3 Be6 14. d4 exd4 15. cxd4 d5 16. e5 Ne4 17. Nxe4 dxe4 18. Rxe4 Bf5 19. Re1 g4 20. Nd2 Qxd4 21. Ra4 Qd7 22. Nf1 Qxd1 23. Rxd1 Nxe5 24. Rb4 Nd3 25. Rxb7 Nc5 26. Ne3 Nxb7 27. Nxf5 Nxa5 28. Ba2 Rad8 29. Re1 Rfe8 30. Be3 h5 31. h4 c5 32. Rc1 Nb7 33. Bc4 Nd6 34. Nxd6 Rxd6 35. Bxc5 Bxb2 36. Rb1 Rc6 37. Rxb2 Rxc5 38. Bxa6 Kg7 39. Kh2 Re1 40. Bb7 Rc3 41. Ba8 Rcc1 42. Bb7 Rh1+ 43. Kg3 Rc3+ 44. f3 gxf3 45. Bxf3 Rc4 46. Re2 Rhxh4 0-1


[Site "https://www.chess.com"]

[Event "Titled Tuesday Blitz July 18 Late 2023"]
[White "Martinez Reyes, Pedro Ramon"]
[Black "Olsen, Filip Boe"]
[WhiteFideId "3901807"]
[BlackFideId "1440640"]
[WhiteElo "2535"]
[BlackElo "2654"]
[Result "0-1"]
[Round "7"]
[TimeControl "180+2"]
[Date "2023.07.18"]
[WhiteClock "0:01:11"]
[BlackClock "0:01:19"]
[Board "47"]

1. c4 e6 2. g3 d5 3. Bg2 Nf6 4. Nf3 d4 5. O-O c5 6. d3 Nc6 7. e3 Bd6 8. Na3 O-O 9. exd4 cxd4 10. Nc2 e5 11. Bg5 h6 12. Bxf6 Qxf6 13. Nd2 Qe7 14. a3 a5 15. Re1 Bf5 16. Be4 Be6 17. Bd5 Rfe8 18. Bxe6 Qxe6 19. Qh5 Qd7 20. Kg2 a4 21. g4 Ra5 22. Qf5 Qd8 23. Qe4 f5 24. gxf5 Qg5+ 25. Kh1 Qxd2 26. Rg1 Qf4 27. Qg2 Re7 28. Qg6 e4 29. Rg4 Qxh2# 0-1


[Site "https://www.chess.com"]

[Event "Titled Tuesday Blitz July 18 Late 2023"]
[White "Rostomyan, Mikayel"]
[Black "Philippe, Guillaume"]
[WhiteFideId "13313754"]
[BlackFideId "36048763"]
[WhiteElo "2624"]
[BlackElo "2530"]
[Result "0-1"]
[Round "7"]
[TimeControl "180+2"]
[Date "2023.07.18"]
[WhiteClock "0:00:36"]
[BlackClock "0:00:57"]
[Board "48"]

1. d4 Nf6 2. Nf3 e6 3. c4 d5 4. g3 dxc4 5. Bg2 Nbd7 6. Qa4 a6 7. Nc3 Rb8 8. Qxc4 b5 9. Qd3 Bb7 10. O-O c5 11. dxc5 Bxc5 12. Bf4 Rc8 13. Bd6 Qb6 14. Rad1 Qxd6 15. Qxd6 Bxd6 16. Rxd6 Ke7 17. Rfd1 Rhd8 18. a3 Nd5 19. Nxd5+ exd5 20. Rxd7+ Rxd7 21. Nd4 Rdc7 22. Rd2 Rc1+ 23. Bf1 Kf6 24. f3 g6 25. Kf2 Rb1 26. Bh3 Rc4 27. f4 b4 28. b3 Rxd4 29. Rxd4 bxa3 30. Ra4 Rxb3 31. Ra5 d4 32. Ra4 Ke7 33. Rxd4 Bc6 34. Bg2 a2 35. Bxc6 a1=Q 0-1


[Site "https://www.chess.com"]

[Event "Titled Tuesday Blitz July 18 Late 2023"]
[White "Van Foreest, Machteld"]
[Black "Arabidze, Meri"]
[WhiteFideId "1051563"]
[BlackFideId "13604040"]
[WhiteElo "2509"]
[BlackElo "2621"]
[Result "1-0"]
[Round "7"]
[TimeControl "180+2"]
[Date "2023.07.18"]
[WhiteClock "0:00:12"]
[BlackClock "0:00:00"]
[Board "49"]

1. e4 c5 2. Nf3 e6 3. d4 cxd4 4. Nxd4 Nc6 5. Nc3 Qc7 6. a3 a6 7. Be3 b5 8. Nxc6 Qxc6 9. Be2 Bb7 10. O-O Rc8 11. Bd4 Nf6 12. Bf3 Qc7 13. e5 Nd5 14. Nxd5 exd5 15. c3 Be7 16. e6 dxe6 17. Bxg7 Rg8 18. Qd4 Qc4 19. Qe5 Qc7 20. Qd4 Qc5 21. Qe5 Qd6 22. Qd4 Rc4 23. Qa7 Bc8 24. Bd4 e5 25. Be3 e4 26. Be2 Rc7 27. Qb8 Rc6 28. Qxd6 Rxd6 29. Rfd1 Rdg6 30. g3 Be6 31. a4 b4 32. cxb4 Bxb4 33. Bxa6 h5 34. Bb5+ Kf8 35. a5 Kg7 36. a6 Bc8 37. a7 Bb7 38. Rd4 Be7 39. Rda4 Ba8 40. Ra6 Kh7 41. Rxg6 fxg6 42. Ra6 1-0


[Site "https://www.chess.com"]

[Event "Titled Tuesday Blitz July 18 Late 2023"]
[White "Karaoglan, Doruk"]
[Black "Glavina, Pablo"]
[WhiteFideId "6390927"]
[BlackFideId "100234"]
[WhiteElo "2620"]
[BlackElo "2471"]
[Result "1-0"]
[Round "7"]
[TimeControl "180+2"]
[Date "2023.07.18"]
[WhiteClock "0:01:34"]
[BlackClock "0:01:46"]
[Board "50"]

1. e4 c6 2. d4 d5 3. Nc3 dxe4 4. Nxe4 Nf6 5. Nxf6+ exf6 6. c3 Bd6 7. Bd3 O-O 8. Qc2 Re8+ 9. Ne2 Nd7 10. O-O h5 11. f4 c5 12. f5 cxd4 13. cxd4 Nb6 14. Nf4 Bxf4 15. Rxf4 Re1+ 16. Kf2 Qe7 17. Be4 Rh1 18. Rh4 Bxf5 19. Qe2 Re8 20. Qxh5 1-0


[Site "https://www.chess.com"]

[Event "Titled Tuesday Blitz July 18 Late 2023"]
[White "Ganiev, Roman"]
[Black "Vujacic, Igor"]
[WhiteFideId "4131452"]
[BlackFideId "932620"]
[WhiteElo "2616"]
[BlackElo "2336"]
[Result "0-1"]
[Round "7"]
[TimeControl "180+2"]
[Date "2023.07.18"]
[WhiteClock "0:00:19"]
[BlackClock "0:00:01"]
[Board "51"]

1. e4 c5 2. Nf3 Nc6 3. Bb5 g6 4. O-O Bg7 5. Re1 e5 6. c3 Nge7 7. d4 cxd4 8. cxd4 exd4 9. Bf4 O-O 10. Bd6 Re8 11. Nbd2 a6 12. Ba4 h6 13. Rc1 b5 14. Bb3 Bb7 15. a3 Nc8 16. Bg3 Nb6 17. Ba2 Rc8 18. b4 d5 19. exd5 Rxe1+ 20. Qxe1 Nxd5 21. Ne4 Nc3 22. Bxf7+ Kxf7 23. Nd6+ Kg8 24. Nxb7 Qd5 25. Nc5 a5 26. Nd3 Qc4 27. Qd2 axb4 28. axb4 Nxb4 29. Nfe1 Nxd3 30. Nxd3 Re8 31. Re1 Rxe1+ 32. Nxe1 b4 33. Nd3 b3 34. h4 h5 35. Kh2 Kh7 36. Nf4 Qc6 37. Qb2 Qb6 38. Nd3 Na4 39. Qb1 b2 40. Nf4 Bh6 41. Nxh5 Nc3 42. Qe1 b1=Q 43. Qe7+ Kg8 44. Nf6+ Qxf6 45. Qxf6 Qf5 46. Qd8+ Bf8 47. Qxd4 Ne4 48. Qc4+ Kh7 49. Qc7+ Bg7 50. Bf4 Qg4 51. f3 Qxh4+ 52. Kg1 Nf6 53. Bg3 Qh5 54. Be5 Qf5 55. Bg3 Qb1+ 56. Kh2 Qf5 57. Bf2 g5 58. Kg1 Kg6 59. Qh2 Qb1+ 60. Be1 Qb7 61. Kf2 Qb6+ 62. Kf1 Nd5 63. Qh3 Ne3+ 64. Ke2 Nf5 65. Qg4 Qe3+ 66. Kd1 Nd4 67. Qe4+ Qxe4 68. fxe4 Be5 69. Bc3 Nc6 70. Bd2 Bf4 71. Bc3 g4 72. Ke2 Be5 73. Bd2 Nd4+ 74. Kd3 Ne6 75. Be3 Nf4+ 76. Bxf4 Bxf4 77. Kd4 Kf6 78. Kd3 Ke5 79. Ke2 Kxe4 80. Kf2 Be5 81. Ke2 Bd4 82. Ke1 Kf4 83. Ke2 Kg3 84. Kf1 Kh2 85. g3 Kxg3 86. Ke2 Kh2 87. Kd3 Ba7 88. Ke4 g3 89. Kf3 g2 90. Ke4 g1=Q 91. Kf5 Qg3 92. Ke6 Kh3 93. Kd7 Qg6 94. Kc8 Bb6 95. Kb7 Ba5 96. Kc8 Be1 97. Kd8 Kg4 98. Kc7 Kf5 99. Kb8 Ke6 100. Ka8 Qf7 101. Kb8 Kd6 102. Ka8 Kc6 103. Kb8 Qb7# 0-1


[Site "https://www.chess.com"]

[Event "Titled Tuesday Blitz July 18 Late 2023"]
[White "Chen, Justin"]
[Black "whiteglovethief"]
[WhiteFideId "2098199"]
[WhiteElo "2614"]
[BlackElo "2423"]
[Result "1-0"]
[Round "7"]
[TimeControl "180+2"]
[Date "2023.07.18"]
[WhiteClock "0:00:01"]
[BlackClock "0:01:00"]
[Board "52"]

1. e4 d5 2. exd5 Qxd5 3. Nc3 Qa5 4. d4 Nf6 5. Nf3 Bg4 6. h3 Bxf3 7. Qxf3 c6 8. Bd2 e6 9. Bc4 Nbd7 10. O-O-O Bb4 11. g4 O-O 12. h4 Nd5 13. Ne4 b5 14. Bb3 Bxd2+ 15. Rxd2 Qc7 16. g5 N7b6 17. c3 Nc4 18. Re2 Qf4+ 19. Qxf4 Nxf4 20. Ree1 Nd3+ 21. Kc2 Nxe1+ 22. Rxe1 Rfd8 23. Bxc4 bxc4 24. Nd2 c5 25. dxc5 Rac8 26. Ne4 Rd5 27. b4 cxb3+ 28. axb3 Re5 29. f4 Rd5 30. c4 Rd7 31. Kc3 Kf8 32. b4 Ke7 33. b5 f5 34. gxf6+ gxf6 35. c6 Rdd8 36. Nc5 e5 37. fxe5 fxe5 38. Rxe5+ Kd6 39. Rd5+ Ke7 40. Rh5 Rh8 41. Kb4 h6 42. Re5+ Kd6 43. Rd5+ Kc7 44. Rd7+ Kb8 45. Na6+ Ka8 46. Nc7+ Kb8 47. Na6+ Ka8 48. Kc5 h5 49. Nc7+ Kb8 50. Na6+ Ka8 51. Nc7+ Kb8 52. Nd5 Rhg8 53. b6 a5 54. Rb7+ Ka8 55. Ra7+ Kb8 56. c7+ Rxc7+ 57. Rxc7 Rg4 58. Kc6 Rxc4+ 59. Kb5 Rxh4 60. Ne7 Rb4+ 61. Kxa5 Ka8 62. Kxb4 1-0


[Site "https://www.chess.com"]

[Event "Titled Tuesday Blitz July 18 Late 2023"]
[White "Jimenez Almeida, Luis David"]
[Black "Cordova, Emilio"]
[WhiteFideId "22242244"]
[BlackFideId "3801497"]
[WhiteElo "2573"]
[BlackElo "2819"]
[Result "1-0"]
[Round "7"]
[TimeControl "180+2"]
[Date "2023.07.18"]
[WhiteClock "0:01:33"]
[BlackClock "0:00:16"]
[Board "53"]

1. e4 c6 2. Nc3 d5 3. Qf3 dxe4 4. Nxe4 Nf6 5. Bc4 e6 6. Ne2 Nbd7 7. d4 Be7 8. O-O Nxe4 9. Qxe4 Nf6 10. Qf3 O-O 11. c3 Nd5 12. Re1 b6 13. Bd3 Bb7 14. Ng3 g6 15. Bh6 Re8 16. Rad1 b5 17. h3 a6 18. Qe2 c5 19. dxc5 Bxc5 20. Ne4 Be7 21. c4 bxc4 22. Bxc4 Qc7 23. Rc1 Qb6 24. Red1 Rec8 25. b3 a5 26. Bg5 Bxg5 27. Nxg5 Nf4 28. Qg4 Qc6 29. Bf1 1-0


[Site "https://www.chess.com"]

[Event "Titled Tuesday Blitz July 18 Late 2023"]
[White "Vovk, Orest"]
[Black "Skvortsov, Andrei"]
[WhiteFideId "14113490"]
[BlackFideId "24108600"]
[WhiteElo "2567"]
[BlackElo "2789"]
[Result "1-0"]
[Round "7"]
[TimeControl "180+2"]
[Date "2023.07.18"]
[WhiteClock "0:01:23"]
[BlackClock "0:01:17"]
[Board "54"]

1. g4 d5 2. h3 c6 3. Bg2 e5 4. d4 exd4 5. Qxd4 Be7 6. Nc3 Bf6 7. Qe3+ Qe7 8. g5 Qxe3 9. Bxe3 Be5 10. Nf3 Bc7 11. Bd4 Kf8 12. e4 dxe4 13. Nxe4 Ne7 14. O-O-O Na6 15. Be5 Bf5 16. Bxc7 Nxc7 17. Nd6 b6 18. Nxf5 Nxf5 19. Rd7 Nd5 20. Ne5 Nde7 21. Nxc6 Nxc6 22. Bxc6 Rc8 23. Bd5 Ne7 24. Bb3 a5 25. Re1 Re8 26. Rb7 h6 27. Ba4 1-0


[Site "https://www.chess.com"]

[Event "Titled Tuesday Blitz July 18 Late 2023"]
[White "Oro, Faustino"]
[Black "Hajiyev, Kanan"]
[WhiteFideId "20000197"]
[BlackFideId "13404148"]
[WhiteElo "2768"]
[BlackElo "2554"]
[Result "0-1"]
[Round "7"]
[TimeControl "180+2"]
[Date "2023.07.18"]
[WhiteClock "0:00:00"]
[BlackClock "0:00:03"]
[Board "55"]

1. e4 c6 2. Nf3 d5 3. Nc3 a6 4. d4 Bg4 5. h3 Bh5 6. Be2 e6 7. O-O Nf6 8. e5 Nfd7 9. Nb1 c5 10. c3 Nc6 11. Nbd2 cxd4 12. cxd4 Qb6 13. Nb3 a5 14. a4 Be7 15. Bb5 O-O 16. Bf4 Rfc8 17. Rc1 Nf8 18. Be3 Nb4 19. Nc5 Bxc5 20. dxc5 Qc7 21. g4 Bg6 22. Bf4 Nd7 23. Bxd7 Qxd7 24. Be3 Nd3 25. Rc3 Nxb2 26. Qd4 Qxa4 27. Nd2 Qxd4 28. Bxd4 Nc4 29. Nf3 h6 30. Ra1 a4 31. Kf1 Be4 32. Ne1 Nd2+ 33. Ke2 Nb3 34. Rd1 Nxd4+ 35. Rxd4 a3 36. Rd1 a2 37. Ra1 Ra5 38. Nf3 Bb1 39. Nd2 Rb5 40. Nb3 Kf8 41. Kd1 f6 42. exf6 gxf6 43. Kc1 Kf7 44. Kb2 d4 45. Rc4 e5 46. Ka3 Ra8+ 47. Ra4 Rc8 48. Ra7 Ke6 49. Nd2 Kd5 50. Nb3 Rxb3+ 51. Kxb3 Rxc5 52. Kb2 Rc2+ 53. Ka3 Rxf2 54. Rxb7 d3 55. Rd7+ Ke4 56. Kb4 d2 57. Kc3 Ke3 58. Rd6 e4 59. Rd5 Bd3 60. Rd1 Bb1 61. Ra5 Re2 62. Ra3 Kf2 63. Kd4 e3 0-1


[Site "https://www.chess.com"]

[Event "Titled Tuesday Blitz July 18 Late 2023"]
[White "Morefield, Jason"]
[Black "Schekachikhin, Maksim"]
[WhiteFideId "30920825"]
[BlackFideId "24177830"]
[WhiteElo "2747"]
[BlackElo "2539"]
[Result "1-0"]
[Round "7"]
[TimeControl "180+2"]
[Date "2023.07.18"]
[WhiteClock "0:00:17"]
[BlackClock "0:00:10"]
[Board "56"]

1. a3 d5 2. Nf3 Nf6 3. g3 c5 4. Bg2 Nc6 5. O-O Bf5 6. d3 h6 7. Nbd2 e6 8. c4 d4 9. b4 cxb4 10. axb4 Bxb4 11. Ba3 a5 12. Bxb4 axb4 13. Nb3 e5 14. Nfd2 O-O 15. c5 Be6 16. Qc2 Bd5 17. e4 dxe3 18. fxe3 Rxa1 19. Rxa1 Bxg2 20. Kxg2 Nd5 21. Nc4 Qg5 22. Qe2 f5 23. Qf3 Nc3 24. Nd6 e4 25. Qf4 Qxf4 26. gxf4 exd3 27. Nxb7 Re8 28. Kf3 Ne4 29. Rd1 Rb8 30. Nd6 Nxd6 31. cxd6 Rd8 32. Rxd3 Kf7 33. Nc5 Na5 34. Rd5 g6 35. Nd3 Nb7 36. d7 Ke6 37. Rb5 Nd6 38. Nc5+ Ke7 39. Rxb4 Nf7 40. Rb6 Nd6 41. h4 h5 42. Ke2 Ra8 43. Rc6 Rd8 44. Kd3 Ra8 45. Kd4 Rd8 46. Kd5 Nf7 47. Rxg6 1-0


[Site "https://www.chess.com"]

[Event "Titled Tuesday Blitz July 18 Late 2023"]
[White "MFatigue"]
[Black "Taranenko, Evgueniy"]
[BlackFideId "14122138"]
[WhiteElo "2538"]
[BlackElo "2737"]
[Result "1/2-1/2"]
[Round "7"]
[TimeControl "180+2"]
[Date "2023.07.18"]
[WhiteClock "0:00:05"]
[BlackClock "0:00:25"]
[Board "57"]

1. e4 e6 2. d4 d5 3. Nc3 Nf6 4. e5 Nfd7 5. f4 c5 6. Nf3 Nc6 7. Be3 Qb6 8. Na4 Qa5+ 9. c3 b6 10. Be2 Ba6 11. Bxa6 Qxa6 12. b3 Rc8 13. Qe2 Qxe2+ 14. Kxe2 Be7 15. Rhc1 O-O 16. g4 cxd4 17. cxd4 Ba3 18. Rc2 Nb4 19. Rxc8 Rxc8 20. Ne1 Nc2 21. Rd1 Nxe1 22. Kxe1 Rc2 23. Bd2 Rxa2 24. Nc3 Rb2 25. Rb1 Rxb1+ 26. Nxb1 Be7 27. Ke2 f6 28. Kd3 Kf7 29. Nc3 a6 30. Ne2 Nb8 31. h3 Nc6 32. Be1 h6 33. Bd2 g5 34. fxg5 hxg5 35. exf6 Bxf6 36. Bc3 b5 37. Ng3 a5 38. Nf1 Bd8 39. Nd2 Bf6 40. Nf3 a4 41. bxa4 bxa4 42. Bb2 Be7 43. Kc3 Kg6 44. Bc1 Bb4+ 45. Kc2 Be7 46. Kc3 Bf6 47. Ba3 Kf7 48. Kd3 Be7 49. Bc1 a3 50. Kc3 Kg6 51. Kb3 Bf6 52. Be3 Be7 53. Bc1 Na5+ 54. Ka2 Nc4 55. Nd2 Ne3 56. Nf3 Nd1 57. Bxa3 Bxa3 58. Kxa3 Nf2 59. Ng1 Kf6 60. Kb4 e5 61. Kc3 e4 62. Kd2 Nd3 63. Ke3 Nf4 64. h4 Ng2+ 65. Kf2 Nxh4 66. Kg3 Ng6 67. Ne2 Nf4 68. Nxf4 gxf4+ 69. Kxf4 Kg6 70. g5 Kh5 71. Kf5 e3 72. g6 e2 73. g7 e1=Q 74. g8=Q Qe4+ 75. Kf6 Qf4+ 76. Ke7 Qxd4 77. Qh7+ Kg4 78. Qg6+ Kf3 79. Qf5+ Ke3 80. Kd6 Qe4 81. Qh3+ Kd4 82. Qh8+ Kc4 83. Qc8+ Kd3 84. Qa6+ Kd4 85. Qa4+ Ke3 86. Qb3+ Kd4 87. Qb4+ Kd3 88. Qb3+ Ke2 89. Qxd5 Qe3 90. Qe5 Qxe5+ 91. Kxe5 1/2-1/2


[Site "https://www.chess.com"]

[Event "Titled Tuesday Blitz July 18 Late 2023"]
[White "Matinian, Nikita"]
[Black "Kanyamarala, Tarun"]
[WhiteFideId "24129100"]
[BlackFideId "45004714"]
[WhiteElo "2730"]
[BlackElo "2525"]
[Result "1-0"]
[Round "7"]
[TimeControl "180+2"]
[Date "2023.07.18"]
[WhiteClock "0:00:08"]
[BlackClock "0:00:00"]
[Board "58"]

1. e4 c5 2. Nf3 Nc6 3. Bb5 d6 4. O-O Bd7 5. Re1 a6 6. Bf1 Nf6 7. c3 e5 8. d4 cxd4 9. cxd4 Be7 10. d5 Nb8 11. Nc3 O-O 12. Nxe5 dxe5 13. d6 Bg4 14. dxe7 Qxe7 15. f3 Be6 16. Be3 Nbd7 17. Qd2 Rfd8 18. Red1 Nc5 19. Qf2 Ncd7 20. a4 h6 21. a5 Rac8 22. Rd2 Nb8 23. Rad1 Nc6 24. Bb6 Rxd2 25. Rxd2 Qb4 26. Nd5 Bxd5 27. exd5 Nd4 28. Bxd4 exd4 29. Qxd4 Qxa5 30. d6 Rd8 31. Bc4 Ne8 32. b4 Qg5 33. h4 Qg3 34. d7 Nf6 35. Qf2 Qxf2+ 36. Kxf2 Rxd7 37. Re2 Kf8 38. g4 Ne8 39. Ba2 Rd4 40. Rb2 Nd6 41. Ke3 Rd1 42. Rc2 Ke7 43. Rc7+ Kd8 44. Rc2 Rh1 45. h5 Kd7 46. Rd2 Rc1 47. Bxf7 Rb1 48. Rd4 Ke7 49. Bg8 Ne8 50. Bd5 Nd6 51. Kf4 Rb2 52. Kg3 b6 53. f4 a5 54. bxa5 bxa5 55. Bf3 Rb4 56. Rd5 a4 57. Ra5 Nc4 58. Ra7+ Kf6 59. Ra6+ Ke7 60. g5 Ne3 61. Ra7+ Kf8 62. g6 Nf1+ 63. Kg4 Nh2+ 64. Kg3 Nf1+ 65. Kg2 Rxf4 66. Ra8+ Ke7 67. Ra7+ Kf6 68. Bc6 Ne3+ 69. Kg3 Rc4 70. Rf7+ Kg5 71. Bf3 Nf5+ 72. Kf2 Rc2+ 73. Ke1 a3 74. Bd1 Rh2 75. Ra7 Ne3 76. Bb3 1-0


[Site "https://www.chess.com"]

[Event "Titled Tuesday Blitz July 18 Late 2023"]
[White "Dimitrov, Atanas"]
[Black "D`Arruda, Ricardo D."]
[WhiteFideId "2901315"]
[BlackFideId "100692"]
[WhiteElo "2699"]
[BlackElo "2521"]
[Result "1-0"]
[Round "7"]
[TimeControl "180+2"]
[Date "2023.07.18"]
[WhiteClock "0:02:17"]
[BlackClock "0:01:42"]
[Board "59"]

1. Nf3 d5 2. e3 Nf6 3. c4 c6 4. Nc3 g6 5. b3 Bg7 6. Bb2 O-O 7. Be2 Ne4 8. Rc1 Nxc3 9. Bxc3 Bxc3 10. Rxc3 Na6 11. O-O Nc5 12. cxd5 Qxd5 13. d4 Ne4 14. Rc1 Qa5 15. Qc2 Nd6 16. Qb2 Bg4 17. Ne5 Bxe2 18. Qxe2 Rfd8 19. h3 Rac8 20. Rfd1 Qd5 21. Rc5 Qe6 22. b4 Ne4 23. Rc2 f6 24. Nd3 b6 25. Rdc1 Rc7 26. Nf4 Qd6 27. Qc4+ Kh8 28. Ne6 1-0


[Site "https://www.chess.com"]

[Event "Titled Tuesday Blitz July 18 Late 2023"]
[White "Balague Camps, Marc"]
[Black "Bjelobrk, Igor"]
[WhiteFideId "2297914"]
[BlackFideId "4300726"]
[WhiteElo "2519"]
[BlackElo "2655"]
[Result "0-1"]
[Round "7"]
[TimeControl "180+2"]
[Date "2023.07.18"]
[WhiteClock "0:00:56"]
[BlackClock "0:00:29"]
[Board "60"]

1. d4 e6 2. c4 b6 3. Nc3 Bb7 4. e4 Bb4 5. f3 f5 6. exf5 Nh6 7. Nh3 Nxf5 8. Be2 Qh4+ 9. Nf2 Qxd4 10. Bd3 Bxc3+ 11. bxc3 Qxc3+ 12. Bd2 Qe5+ 13. Be4 Bxe4 14. fxe4 Nd6 15. O-O O-O 16. Rc1 Nc6 17. Bc3 Qc5 18. Qg4 Rf7 19. g3 Raf8 20. Kg2 Rxf2+ 21. Kh3 g6 22. Rxf2 Rxf2 23. e5 Nf5 24. Be1 Rf1 25. Qe2 Qg1 26. Bd2 Rxc1 27. Bxc1 Qxc1 28. Qd3 Nxe5 0-1


[Site "https://www.chess.com"]